Flyers vs BlueJackets

Created - Tuesday, April 25, 2023 at 22:28

Goals
1 2 3 T
Flyers 0 1 3 4
BlueJackets 0 0 1 1
Shots
1 2 3 T
Flyers 8 10 10 28
BlueJackets 5 14 11 30

1st period

No Goal

Penalties :
Radko Gudas (PHI) for Holding (Minor) at 12:52, Ryan Graves (CLB) for Holding Stick (Minor) at 19:10

2nd period

1. Flyers , Boone Jenner 1 (Patrick Kane 6, Gabriel Landeskog 2) at 2:52 (PP)

Penalties :
Michael Bunting (CLB) for Hooking (Minor) at 1:11, Ryan Hartman (PHI) for Hooking (Minor) at 4:40

3rd period

2. BlueJackets , Brock Boeser 3 (Zach Hyman 3, Vincent Trocheck 4) at 8:26 (PP)
3. Flyers , Artemi Panarin 2 (Blake Wheeler 3, Moritz Seider 5) at 14:09
4. Flyers , Artemi Panarin 3 (Ryan Hartman 4, Zach Werenski 3) at 15:40
5. Flyers , Artemi Panarin 4 (Zach Werenski 4, Blake Wheeler 4) at 17:09

Penalties :
Robert Hagg (PHI) for Cross-checking (Minor) at 6:42

Goalie Stats

Ilya Sorokin (PHI), 29 saves from 30 shots - (0.967), W, 2-1-1, 60:00 minutes
Jake Allen (CLB), 24 saves from 28 shots - (0.857), L, 0-1-0, 60:00 minutes

Players Stats for Flyers

Player Name              G  A  P  +/- PIM S  H  SB GA TA FO     MP     PP MP  PK MP  
------------------------------------------------------------------------------------
Alex Killorn             0  0  0   0  0   2  1  0  0  0  1/1    12:11   0:00   0:00 
Anthony Duclair          0  0  0   0  0   1  0  0  0  0  0/0    12:11   0:00   0:00 
Artemi Panarin           3  0  3   3  0   4  0  0  0  0  0/0    15:47   1:36   1:42 
Blake Wheeler            0  2  2   3  0   2  0  0  0  0  2/16   14:05   1:36   0:00 
Boone Jenner             1  0  1   0  0   1  0  0  0  0  15/23  17:02   2:04   1:58 
Brandon Tanev            0  0  0   0  0   2  2  1  0  0  0/1    13:00   0:00   0:02 
Gabriel Landeskog        0  1  1   0  0   1  7  0  0  0  4/6    18:46   2:04   3:42 
Markus Phillips          0  0  0   1  0   0  2  1  0  0  0/0    20:23   1:43   2:58 
Moritz Seider            0  1  1   1  0   0  2  1  0  0  0/0    18:31   0:04   2:22 
Patrick Kane             0  1  1   0  0   3  0  0  0  0  0/1    18:46   2:04   3:42 
Paul Stastny             0  0  0   0  0   0  0  0  0  0  0/0    12:58   0:00   0:00 
Radko Gudas              0  0  0   0  2   3  5  1  0  0  0/0    16:27   1:53   1:37 
Robert Hagg              0  0  0   2  2   2  2  0  0  0  0/0    15:24   1:47   2:08 
Ryan Hartman             0  1  1   3  2   2  2  0  0  0  2/3    14:04   1:36   0:00 
Scott Laughton           0  0  0   0  0   3  0  0  0  0  7/14   12:58   0:00   0:00 
Travis Sanheim           0  0  0   0  0   1  0  0  0  0  0/0    23:05   0:00   0:02 
William Karlsson         0  0  0   0  0   1  0  0  0  0  8/19   12:29   0:00   0:18 
Zach Werenski            0  2  2   2  0   0  0  2  0  0  0/0    26:08   1:53   2:17 

Players Stats for BlueJackets

Player Name              G  A  P  +/- PIM S  H  SB GA TA FO     MP     PP MP  PK MP  
------------------------------------------------------------------------------------
Adrian Kempe             0  0  0   0  0   2  1  1  0  0  2/4    20:22   3:18   2:08 
Brayden Point            0  0  0   0  0   5  2  0  0  0  11/31  18:25   3:18   0:11 
Brock Boeser             1  0  1  -2  0   2  0  0  0  0  1/2    13:58   2:24   0:00 
Chris Tanev              0  0  0   0  0   1  2  2  0  0  0/0    18:02   1:21   2:24 
Conor Sheary             0  0  0   0  0   2  0  0  0  0  0/1    16:58   0:00   0:23 
Darnell Nurse            0  0  0   0  0   0  2  0  0  0  0/0    16:58   0:43   0:29 
Garnet Hathaway          0  0  0  -1  0   2  1  0  0  0  0/0     8:31   0:00   0:58 
Jared Spurgeon           0  0  0  -2  0   1  0  0  0  0  0/0    15:47   3:30   0:00 
Jonas Brodin             0  0  0   0  0   0  0  1  0  0  0/0    17:59   0:00   2:13 
Mattias Ekholm           0  0  0  -3  0   0  0  1  0  0  0/0    22:02   0:00   1:27 
Michael Bunting          0  0  0   0  2   2  2  0  0  0  0/0    16:34   0:00   0:00 
Ryan Getzlaf             0  0  0   0  0   3  1  0  0  0  11/18  16:35   0:00   0:00 
Ryan Graves              0  0  0   0  2   1  1  4  0  0  0/0    17:23   2:20   0:47 
Teddy Blueger            0  0  0  -1  0   0  0  0  0  0  8/10    7:56   0:00   0:23 
Torey Krug               0  0  0  -1  0   2  1  0  0  0  0/0    11:48   3:30   0:00 
Vincent Trocheck         0  1  1  -2  0   0  2  0  0  0  11/16  14:56   2:24   0:58 
Vladimir Tarasenko       0  0  0   0  0   3  0  0  0  0  0/0    18:14   3:18   0:00 
Zach Hyman               0  1  1  -3  0   4  0  0  0  0  1/2    23:50   2:24   2:19 

3 Stars

1 - Artemi Panarin (PHI)
2 - Blake Wheeler (PHI)
3 - Ilya Sorokin (PHI)

Power Play

Flyers - 1 on 2 Attempt(s) - 50.00%
BlueJackets - 1 on 3 Attempt(s) - 33.33%

Penalty Kill

Flyers - 2 on 3 Attempt(s) - 66.67% - Score 0 goal in Penalty Kill
BlueJackets - 1 on 2 Attempt(s) - 50.00% - Score 0 goal in Penalty Kill

Team Stat

Flyers - Hits : 23 - Faceoff Wins : 39 - Blocked Shots : 6 - Penalty Minutes : 6
BlueJackets - Hits : 15 - Faceoff Wins : 45 - Blocked Shots : 9 - Penalty Minutes : 4

Official

Referees : Brad Meier and Dean Morton
Linesman : Steve Miller and Tony Sericolo

Game Notes

Artemi Panarin has scored a Hat Trick!

Finance

Level 1 -- Attendance: 6000 (100.00%) -- Ticket Income $780,000
Level 2 -- Attendance: 5000 (100.00%) -- Ticket Income $225,000
Level 3 -- Attendance: 2000 (100.00%) -- Ticket Income $80,000
Level 4 -- Attendance: 4000 (100.00%) -- Ticket Income $140,000
Luxury Box -- Attendance: 1000 (100.00%) -- Ticket Income $100,000
Game was played at the Nationwide Arena.
Total Attendance: 18000 (100.00%)
Total Ticket Income: $1,325,000
Other Income: $649,250
Total Income: $1,974,250

Flyers

5 vs 5 Forward 
   Center                   Left Wing                Right Wing               Time % Phy DF OF 
 1 Boone Jenner             Gabriel Landeskog        Patrick Kane             25     1   2  2  
 2 Blake Wheeler            Artemi Panarin           Ryan Hartman             25     1   2  2  
 3 William Karlsson         Alex Killorn             Anthony Duclair          25     1   2  2  
 4 Scott Laughton           Brandon Tanev            Paul Stastny             25     1   2  2  

5 vs 5 Defense 
   Defense                  Defense                                           Time % Phy DF OF 
 1 Markus Phillips          Moritz Seider                                     25     1   2  2  
 2 Radko Gudas              Travis Sanheim                                    25     1   2  2  
 3 Zach Werenski            Robert Hagg                                       25     1   2  2  
 4 Zach Werenski            Travis Sanheim                                    25     1   2  2  

PowerPlay Forward 
   Center                   Left Wing                Right Wing               Time % Phy DF OF 
 1 Boone Jenner             Gabriel Landeskog        Patrick Kane             60     1   1  3  
 2 Blake Wheeler            Artemi Panarin           Ryan Hartman             40     1   1  3  

PowerPlay Defense
   Defense                  Defense                                           Time % Phy DF OF 
 1 Markus Phillips          Robert Hagg                                       60     1   1  3  
 2 Radko Gudas              Zach Werenski                                     40     1   1  3  

Penalty Kill 4 Players Forward 
   Center                   Wing                     Time % Phy DF OF 
 1 Gabriel Landeskog        Patrick Kane             60     1   2  2  
 2 Boone Jenner             Artemi Panarin           40     1   2  2  

Penalty Kill 4 Players Defense
   Defense                  Defense                  Time % Phy DF OF 
 1 Robert Hagg              Markus Phillips          60     1   2  2  
 2 Radko Gudas              Moritz Seider            40     1   2  2  

Penalty Kill - 3 Players Forward 
   Forward                                           Time % Phy DF OF 
 1 Gabriel Landeskog                                 60     1   2  2  
 2 Patrick Kane                                      40     1   2  2  

Penalty Kill - 3 Players Defense
   Defense                  Defense                  Time % Phy DF OF 
 1 Robert Hagg              Zach Werenski            60     1   2  2  
 2 Radko Gudas              Markus Phillips          40     1   2  2  

4 vs 4 Forward 
   Center                   Wing                     Time % Phy DF OF 
 1 Gabriel Landeskog        Patrick Kane             60     1   2  2  
 2 Boone Jenner             Artemi Panarin           40     1   2  2  

4 vs 4 Defense
   Defense                  Defense                  Time % Phy DF OF 
 1 Travis Sanheim           Markus Phillips          60     1   2  2  
 2 Radko Gudas              Robert Hagg              40     1   2  2  

Last Minutes Offensive
   Center                   Left Wing                Right Wing               Defense                  Defense                  
   Boone Jenner             Gabriel Landeskog        Patrick Kane             Markus Phillips          Moritz Seider            

Last Minutes Defensive
   Center                   Left Wing                Right Wing               Defense                  Defense                  
   Boone Jenner             Gabriel Landeskog        Patrick Kane             Markus Phillips          Moritz Seider            

Goaltenders
Starting : Ilya Sorokin             
Backup : Jack Campbell            

Extra Forwards
Normal : Alex Killorn, Anthony Duclair, William Karlsson - PP : Alex Killorn, Anthony Duclair - PK : William Karlsson
Extra Defensemen
Normal : Travis Sanheim, Robert Hagg, Radko Gudas - PP : Radko Gudas - PK : Robert Hagg, Radko Gudas
Penalty Shots
Gabriel Landeskog, Patrick Kane, Boone Jenner, Artemi Panarin, Blake Wheeler
Custom OT Lines Forwards
Gabriel Landeskog, Patrick Kane, Boone Jenner, Artemi Panarin, Blake Wheeler, Alex Killorn, Ryan Hartman, Anthony Duclair, William Karlsson, Scott Laughton
Custom OT Lines Defensemen
Robert Hagg, Markus Phillips, Radko Gudas, Zach Werenski, Travis Sanheim

Scratches
Mark Borowiecki (Fractured Right Foot Injury)

BlueJackets

5 vs 5 Forward 
   Center                   Left Wing                Right Wing               Time % Phy DF OF 
 1 Brayden Point            Adrian Kempe             Vladimir Tarasenko       29     1   2  2  
 2 Vincent Trocheck         Zach Hyman               Brock Boeser             26     1   2  2  
 3 Ryan Getzlaf             Conor Sheary             Michael Bunting          26     1   2  2  
 4 Teddy Blueger            Zach Hyman               Garnet Hathaway          19     1   2  2  

5 vs 5 Defense 
   Defense                  Defense                                           Time % Phy DF OF 
 1 Jared Spurgeon           Mattias Ekholm                                    27     0   3  2  
 2 Jonas Brodin             Darnell Nurse                                     27     0   3  2  
 3 Ryan Graves              Chris Tanev                                       25     0   3  2  
 4 Mattias Ekholm           Torey Krug                                        21     0   3  2  

PowerPlay Forward 
   Center                   Left Wing                Right Wing               Time % Phy DF OF 
 1 Brayden Point            Adrian Kempe             Vladimir Tarasenko       60     0   0  5  
 2 Vincent Trocheck         Zach Hyman               Brock Boeser             40     0   0  5  

PowerPlay Defense
   Defense                  Defense                                           Time % Phy DF OF 
 1 Torey Krug               Jared Spurgeon                                    60     0   0  5  
 2 Torey Krug               Jared Spurgeon                                    40     0   0  5  

Penalty Kill 4 Players Forward 
   Center                   Wing                     Time % Phy DF OF 
 1 Adrian Kempe             Zach Hyman               60     0   5  0  
 2 Vincent Trocheck         Garnet Hathaway          40     0   5  0  

Penalty Kill 4 Players Defense
   Defense                  Defense                  Time % Phy DF OF 
 1 Mattias Ekholm           Chris Tanev              60     0   5  0  
 2 Jonas Brodin             Ryan Graves              40     0   5  0  

Penalty Kill - 3 Players Forward 
   Forward                                           Time % Phy DF OF 
 1 Vincent Trocheck                                  60     0   5  0  
 2 Adrian Kempe                                      40     0   5  0  

Penalty Kill - 3 Players Defense
   Defense                  Defense                  Time % Phy DF OF 
 1 Darnell Nurse            Ryan Graves              60     0   5  0  
 2 Mattias Ekholm           Chris Tanev              40     0   5  0  

4 vs 4 Forward 
   Center                   Wing                     Time % Phy DF OF 
 1 Brayden Point            Adrian Kempe             60     0   2  3  
 2 Vincent Trocheck         Vladimir Tarasenko       40     0   2  3  

4 vs 4 Defense
   Defense                  Defense                  Time % Phy DF OF 
 1 Mattias Ekholm           Jared Spurgeon           60     1   2  2  
 2 Darnell Nurse            Torey Krug               40     1   2  2  

Last Minutes Offensive
   Center                   Left Wing                Right Wing               Defense                  Defense                  
   Brayden Point            Adrian Kempe             Vladimir Tarasenko       Torey Krug               Jared Spurgeon           

Last Minutes Defensive
   Center                   Left Wing                Right Wing               Defense                  Defense                  
   Teddy Blueger            Garnet Hathaway          Zach Hyman               Darnell Nurse            Mattias Ekholm           

Goaltenders
Starting : Jake Allen               
Backup : Jacob Markstrom          

Extra Forwards
Normal : Vladimir Tarasenko, Conor Sheary, Adrian Kempe - PP : Vincent Trocheck, Conor Sheary - PK : Teddy Blueger
Extra Defensemen
Normal : Ryan Graves, Mattias Ekholm, Jared Spurgeon - PP : Ryan Graves - PK : Chris Tanev, Darnell Nurse
Penalty Shots
Vincent Trocheck, Adrian Kempe, Brock Boeser, Vladimir Tarasenko, Ryan Getzlaf
Custom OT Lines Forwards
Vincent Trocheck, Ryan Getzlaf, Brayden Point, Vladimir Tarasenko, Zach Hyman, Adrian Kempe, Brock Boeser, Conor Sheary, Garnet Hathaway, Teddy Blueger
Custom OT Lines Defensemen
Darnell Nurse, Torey Krug, Mattias Ekholm, Jared Spurgeon, Ryan Graves

Scratches
Brad Malone (Healthy), David Kampf (Healthy), William Borgen (Healthy)

% Time on Ice - Flyers

Lines # - Real PCT - Wanted PCT - Time Play
Normal Forward
1 - 26% - 25% - 13:00
2 - 25% - 25% - 12:29
3 - 24% - 25% - 12:11
4 - 26% - 25% - 12:58
Normal Defense
1 - 31% - 25% - 15:42
2 - 25% - 25% - 12:40
3 - 23% - 25% - 11:30
4 - 21% - 25% - 10:46
PP Forward
1 - 56% - 60% - 2:04
2 - 44% - 40% - 1:36
PP Defense
1 - 49% - 60% - 1:47
2 - 51% - 40% - 1:53
PK Forward
1 - 70% - 60% - 4:00
2 - 30% - 40% - 1:42
PK Defense
1 - 58% - 60% - 3:18
2 - 42% - 40% - 2:24
PK3 Forward
1 - 0% - 60%
2 - 0% - 40%
PK3 Defense
1 - 0% - 60%
2 - 0% - 40%
44 Forward
1 - 0% - 60%
2 - 0% - 40%
44 Defense
1 - 0% - 60%
2 - 0% - 40%
Last Minute Offensive  - 0:00
Last Minute Defensive  - 0:00
Total
Forward - 60:00
Defense - 60:00

% Time on Ice - BlueJackets

Lines # - Real PCT - Wanted PCT - Time Play
Normal Forward
1 - 29% - 29% - 14:56
2 - 23% - 26% - 11:34
3 - 33% - 26% - 16:35
4 - 15% - 19% - 7:33
Normal Defense
1 - 24% - 27% - 12:17
2 - 31% - 27% - 15:46
3 - 28% - 25% - 14:17
4 - 16% - 21% - 8:18
PP Forward
1 - 58% - 60% - 3:18
2 - 42% - 40% - 2:24
PP Defense
1 - 100% - 60% - 5:42
2 - 0% - 40% - 0:00
PK Forward
1 - 74% - 60% - 2:42
2 - 26% - 40% - 0:58
PK Defense
1 - 40% - 60% - 1:27
2 - 60% - 40% - 2:13
PK3 Forward
1 - 0% - 60%
2 - 0% - 40%
PK3 Defense
1 - 0% - 60%
2 - 0% - 40%
44 Forward
1 - 0% - 60%
2 - 0% - 40%
44 Defense
1 - 0% - 60%
2 - 0% - 40%
Last Minute Offensive  - 0:00
Last Minute Defensive  - 0:00
Total
Forward - 60:00
Defense - 60:00

Play-by-Play

1st period


0:01 of 1st period - Boone Jenner wins face-off versus Brayden Point in neutral zone.
0:12 of 1st period - Shot by Boone Jenner.
0:12 of 1st period - Shot Misses the Net.
0:25 of 1st period - Vladimir Tarasenko is hit by Gabriel Landeskog and loses puck.
0:34 of 1st period - Shot by Vladimir Tarasenko.
0:34 of 1st period - Stopped by Ilya Sorokin without a rebound.
0:35 of 1st period - Vincent Trocheck wins face-off versus Blake Wheeler in Flyers zone.
0:49 of 1st period - Zach Hyman is hit by Radko Gudas and loses puck.
1:11 of 1st period - Shot by Ryan Hartman.
1:11 of 1st period - Shot Misses the Net.
3:08 of 1st period - Shot by Gabriel Landeskog.
3:08 of 1st period - Shot Misses the Net.
3:21 of 1st period - Icing by Travis Sanheim.
3:22 of 1st period - Brayden Point wins face-off versus Boone Jenner in Flyers zone.
3:25 of 1st period - Shot by Adrian Kempe.
3:25 of 1st period - Stopped by Ilya Sorokin without a rebound.
3:26 of 1st period - Teddy Blueger wins face-off versus Blake Wheeler in Flyers zone.
3:39 of 1st period - Icing by Zach Hyman.
3:40 of 1st period - Teddy Blueger wins face-off versus Scott Laughton in BlueJackets zone.
3:42 of 1st period - Icing by Mattias Ekholm.
3:43 of 1st period - Teddy Blueger wins face-off versus Scott Laughton in BlueJackets zone.
3:50 of 1st period - Shot by Brandon Tanev.
3:50 of 1st period - Shot Misses the Net.
4:40 of 1st period - Icing by Darnell Nurse.
4:41 of 1st period - Brayden Point wins face-off versus William Karlsson in BlueJackets zone.
4:47 of 1st period - Brayden Point is hit by Moritz Seider and loses puck.
5:12 of 1st period - Shot by Anthony Duclair.
5:12 of 1st period - Deflect By Alex Killorn.
5:12 of 1st period - Stopped by Jake Allen without a rebound.
5:13 of 1st period - Vincent Trocheck wins face-off versus Ryan Hartman in BlueJackets zone.
5:20 of 1st period - Shot by Zach Hyman.
5:20 of 1st period - Stopped by Ilya Sorokin without a rebound.
5:21 of 1st period - Ryan Hartman wins face-off versus Ryan Getzlaf in Flyers zone.
6:27 of 1st period - Patrick Kane is hit by Darnell Nurse and loses puck.
6:40 of 1st period - Shot by Zach Werenski.
6:40 of 1st period - Deflect By Patrick Kane.
6:40 of 1st period - Stopped by Jake Allen without a rebound.
6:41 of 1st period - William Karlsson wins face-off versus Brayden Point in BlueJackets zone.
7:01 of 1st period - Shot by Adrian Kempe.
7:01 of 1st period - Stopped by Ilya Sorokin without a rebound.
7:02 of 1st period - Scott Laughton wins face-off versus Vincent Trocheck in Flyers zone.
7:23 of 1st period - Shot by Brandon Tanev.
7:23 of 1st period - Shot Blocked by Jonas Brodin.
8:03 of 1st period - Off-side.
8:04 of 1st period - William Karlsson wins face-off versus Brayden Point in neutral zone.
8:13 of 1st period - Icing by Moritz Seider.
8:14 of 1st period - Ryan Getzlaf wins face-off versus William Karlsson in Flyers zone.
8:17 of 1st period - Shot by Ryan Getzlaf.
8:17 of 1st period - Shot Misses the Net.
8:51 of 1st period - Shot by Anthony Duclair.
8:51 of 1st period - Stopped by Jake Allen without a rebound.
8:52 of 1st period - Boone Jenner wins face-off versus Brayden Point in BlueJackets zone.
8:52 of 1st period - Boone Jenner is hit by Chris Tanev.
8:57 of 1st period - Boone Jenner is hit by Ryan Graves and loses puck.
9:02 of 1st period - Shot by Patrick Kane.
9:02 of 1st period - Shot Blocked by Ryan Graves.
9:04 of 1st period - Shot by Robert Hagg.
9:04 of 1st period - Stopped by Jake Allen with a rebound.
9:06 of 1st period - Shot by Zach Werenski.
9:06 of 1st period - Shot Blocked by Ryan Graves.
9:30 of 1st period - Shot by Patrick Kane.
9:30 of 1st period - Stopped by Jake Allen without a rebound.
9:31 of 1st period - Teddy Blueger wins face-off versus Blake Wheeler in BlueJackets zone.
9:31 of 1st period - Teddy Blueger is hit by Ryan Hartman.
9:56 of 1st period - Travis Sanheim is hit by Garnet Hathaway and loses puck.
10:22 of 1st period - Off-side.
10:23 of 1st period - Boone Jenner wins face-off versus Brayden Point in neutral zone.
10:30 of 1st period - Shot by Patrick Kane.
10:30 of 1st period - Deflect By Boone Jenner.
10:30 of 1st period - Shot Blocked by Chris Tanev.
10:40 of 1st period - Shot by Vladimir Tarasenko.
10:40 of 1st period - Shot Blocked by Markus Phillips.
10:42 of 1st period - Shot by Chris Tanev.
10:42 of 1st period - Shot Misses the Net.
11:40 of 1st period - William Karlsson is hit by Ryan Getzlaf and loses puck.
11:45 of 1st period - Shot by Ryan Getzlaf.
11:45 of 1st period - Stopped by Ilya Sorokin without a rebound.
11:46 of 1st period - Vincent Trocheck wins face-off versus Blake Wheeler in Flyers zone.
11:55 of 1st period - Shot by Vincent Trocheck.
11:55 of 1st period - Shot Misses the Net.
12:50 of 1st period - Vladimir Tarasenko is hit by Radko Gudas and loses puck.
12:52 of 1st period - Minor Penalty to Radko Gudas for Holding.
12:53 of 1st period - Gabriel Landeskog wins face-off versus Brayden Point in Flyers zone.
13:52 of 1st period - Vincent Trocheck is hit by Robert Hagg.
14:52 of 1st period - Icing by Jared Spurgeon.
14:53 of 1st period - Ryan Getzlaf wins face-off versus Scott Laughton in BlueJackets zone.
14:57 of 1st period - Conor Sheary is hit by Radko Gudas and loses puck.
15:24 of 1st period - Shot by Brandon Tanev.
15:24 of 1st period - Shot Misses the Net.
15:26 of 1st period - Shot by Brandon Tanev.
15:26 of 1st period - Stopped by Jake Allen with a rebound.
16:08 of 1st period - Darnell Nurse is hit by Alex Killorn and loses puck.
17:36 of 1st period - Moritz Seider is hit by Chris Tanev and loses puck.
17:58 of 1st period - Paul Stastny is hit by Michael Bunting and loses puck.
18:05 of 1st period - Shot by Radko Gudas.
18:05 of 1st period - Stopped by Jake Allen without a rebound.
18:06 of 1st period - Blake Wheeler wins face-off versus Ryan Getzlaf in BlueJackets zone.
18:25 of 1st period - Shot by Ryan Getzlaf.
18:25 of 1st period - Shot Blocked by Zach Werenski.
19:05 of 1st period - Shot by Paul Stastny.
19:05 of 1st period - Shot Blocked by Ryan Graves.
19:10 of 1st period - Minor Penalty to Ryan Graves for Holding Stick.
19:11 of 1st period - Adrian Kempe wins face-off versus Boone Jenner in BlueJackets zone.
19:55 of 1st period - Shot by Ryan Hartman.
19:55 of 1st period - Stopped by Jake Allen without a rebound.
19:56 of 1st period - Vincent Trocheck wins face-off versus Blake Wheeler in BlueJackets zone.
Goals for this period are 0 for Flyers vs 0 for BlueJackets.
Shots for this period are 8 for Flyers vs 5 for BlueJackets.

2nd period


0:01 of 2nd period - Boone Jenner wins face-off versus Adrian Kempe in neutral zone.
0:24 of 2nd period - Shot by Gabriel Landeskog.
0:24 of 2nd period - Shot Blocked by Mattias Ekholm.
0:38 of 2nd period - Shot by Robert Hagg.
0:38 of 2nd period - Stopped by Jake Allen without a rebound.
0:39 of 2nd period - Ryan Hartman wins face-off versus Adrian Kempe in BlueJackets zone.
0:52 of 2nd period - Shot by Blake Wheeler.
0:52 of 2nd period - Shot Misses the Net.
1:11 of 2nd period - Minor Penalty to Michael Bunting for Hooking.
1:12 of 2nd period - Adrian Kempe wins face-off versus Boone Jenner in BlueJackets zone.
1:12 of 2nd period - Chris Tanev is hit by Gabriel Landeskog and loses puck.
2:52 of 2nd period - Shot by Boone Jenner.
2:52 of 2nd period - Goal by Boone Jenner - Flyers : 1 - BlueJackets : 0.
2:53 of 2nd period - Ryan Getzlaf wins face-off versus William Karlsson in neutral zone.
3:14 of 2nd period - Shot by Anthony Duclair.
3:14 of 2nd period - Shot Misses the Net.
3:28 of 2nd period - Shot by William Karlsson.
3:28 of 2nd period - Stopped by Jake Allen with a rebound.
4:17 of 2nd period - Shot by Vladimir Tarasenko.
4:17 of 2nd period - Stopped by Ilya Sorokin without a rebound.
4:18 of 2nd period - Vincent Trocheck wins face-off versus Blake Wheeler in Flyers zone.
4:25 of 2nd period - Shot by Zach Hyman.
4:25 of 2nd period - Shot Misses the Net.
4:34 of 2nd period - Vincent Trocheck is hit by Radko Gudas and loses puck.
4:40 of 2nd period - Minor Penalty to Ryan Hartman for Hooking.
4:41 of 2nd period - Gabriel Landeskog wins face-off versus Brayden Point in Flyers zone.
4:41 of 2nd period - Gabriel Landeskog is hit by Brayden Point.
5:03 of 2nd period - Shot by Jared Spurgeon.
5:03 of 2nd period - Shot Blocked by Radko Gudas.
5:35 of 2nd period - Robert Hagg is hit by Vincent Trocheck and loses puck.
6:16 of 2nd period - Shot by Artemi Panarin.
6:16 of 2nd period - Shot Misses the Net.
6:18 of 2nd period - Shot by Radko Gudas.
6:18 of 2nd period - Stopped by Jake Allen without a rebound.
6:19 of 2nd period - Vincent Trocheck wins face-off versus Gabriel Landeskog in BlueJackets zone.
6:50 of 2nd period - Shot by Ryan Getzlaf.
6:50 of 2nd period - Stopped by Ilya Sorokin without a rebound.
6:51 of 2nd period - William Karlsson wins face-off versus Ryan Getzlaf in Flyers zone.
6:59 of 2nd period - Icing by Jonas Brodin.
7:00 of 2nd period - Ryan Getzlaf wins face-off versus Blake Wheeler in BlueJackets zone.
7:16 of 2nd period - Blake Wheeler is hit by Michael Bunting and loses puck.
8:19 of 2nd period - Shot by Brock Boeser.
8:19 of 2nd period - Shot Misses the Net.
8:21 of 2nd period - Shot by Ryan Graves.
8:21 of 2nd period - Stopped by Ilya Sorokin without a rebound.
8:22 of 2nd period - Brayden Point wins face-off versus William Karlsson in Flyers zone.
8:25 of 2nd period - Shot by Brayden Point.
8:25 of 2nd period - Stopped by Ilya Sorokin without a rebound.
8:26 of 2nd period - William Karlsson wins face-off versus Brayden Point in Flyers zone.
8:44 of 2nd period - Icing by Mattias Ekholm.
8:45 of 2nd period - Brayden Point wins face-off versus Boone Jenner in BlueJackets zone.
8:45 of 2nd period - Vladimir Tarasenko is hit by Gabriel Landeskog.
8:58 of 2nd period - Adrian Kempe is hit by Moritz Seider and loses puck.
9:05 of 2nd period - Shot by Brayden Point.
9:05 of 2nd period - Stopped by Ilya Sorokin without a rebound.
9:06 of 2nd period - Scott Laughton wins face-off versus Vincent Trocheck in Flyers zone.
9:23 of 2nd period - Shot by Scott Laughton.
9:23 of 2nd period - Stopped by Jake Allen with a rebound.
9:37 of 2nd period - Icing by Zach Hyman.
9:38 of 2nd period - Vincent Trocheck wins face-off versus Boone Jenner in BlueJackets zone.
10:04 of 2nd period - Patrick Kane is hit by Adrian Kempe and loses puck.
10:19 of 2nd period - Mattias Ekholm is hit by Gabriel Landeskog and loses puck.
10:32 of 2nd period - Shot by Adrian Kempe.
10:32 of 2nd period - Shot Misses the Net.
10:34 of 2nd period - Shot by Brayden Point.
10:34 of 2nd period - Shot Misses the Net.
10:36 of 2nd period - Shot by Brayden Point.
10:36 of 2nd period - Stopped by Ilya Sorokin without a rebound.
10:37 of 2nd period - William Karlsson wins face-off versus Ryan Getzlaf in Flyers zone.
11:11 of 2nd period - Shot by Ryan Getzlaf.
11:11 of 2nd period - Stopped by Ilya Sorokin without a rebound.
11:12 of 2nd period - Vincent Trocheck wins face-off versus Scott Laughton in Flyers zone.
11:41 of 2nd period - Paul Stastny is hit by Vincent Trocheck and loses puck.
11:59 of 2nd period - Shot by Blake Wheeler.
11:59 of 2nd period - Stopped by Jake Allen with a rebound.
12:27 of 2nd period - Shot by Brayden Point.
12:27 of 2nd period - Stopped by Ilya Sorokin without a rebound.
12:28 of 2nd period - Ryan Getzlaf wins face-off versus William Karlsson in Flyers zone.
12:35 of 2nd period - Shot by Conor Sheary.
12:35 of 2nd period - Stopped by Ilya Sorokin without a rebound.
12:36 of 2nd period - Boone Jenner wins face-off versus Brayden Point in Flyers zone.
12:36 of 2nd period - Boone Jenner is hit by Brayden Point.
13:41 of 2nd period - Garnet Hathaway is hit by Robert Hagg and loses puck.
14:32 of 2nd period - Shot by Artemi Panarin.
14:32 of 2nd period - Stopped by Jake Allen without a rebound.
14:33 of 2nd period - Zach Hyman wins face-off versus Scott Laughton in BlueJackets zone.
14:33 of 2nd period - Brock Boeser is hit by Brandon Tanev and loses puck.
14:44 of 2nd period - Shot by Brock Boeser.
14:44 of 2nd period - Shot Blocked by Moritz Seider.
14:46 of 2nd period - Shot by Brock Boeser.
14:46 of 2nd period - Stopped by Ilya Sorokin with a rebound.
14:48 of 2nd period - Shot by Darnell Nurse.
14:48 of 2nd period - Shot Blocked by Brandon Tanev.
14:50 of 2nd period - Shot by Brock Boeser.
14:50 of 2nd period - Shot Misses the Net.
15:04 of 2nd period - Shot by Vincent Trocheck.
15:04 of 2nd period - Shot Misses the Net.
15:06 of 2nd period - Shot by Vincent Trocheck.
15:06 of 2nd period - Shot Misses the Net.
15:40 of 2nd period - Shot by Adrian Kempe.
15:40 of 2nd period - Deflect By Brayden Point.
15:40 of 2nd period - Stopped by Ilya Sorokin without a rebound.
15:41 of 2nd period - Ryan Getzlaf wins face-off versus Blake Wheeler in Flyers zone.
16:20 of 2nd period - Shot by Conor Sheary.
16:20 of 2nd period - Stopped by Ilya Sorokin with a rebound.
16:44 of 2nd period - Shot by Gabriel Landeskog.
16:44 of 2nd period - Shot Misses the Net.
16:49 of 2nd period - Icing by Jared Spurgeon.
16:50 of 2nd period - William Karlsson wins face-off versus Ryan Getzlaf in BlueJackets zone.
17:32 of 2nd period - Icing by Jared Spurgeon.
17:33 of 2nd period - Boone Jenner wins face-off versus Ryan Getzlaf in BlueJackets zone.
17:36 of 2nd period - Shot by Gabriel Landeskog.
17:36 of 2nd period - Shot Misses the Net.
17:38 of 2nd period - Shot by Travis Sanheim.
17:38 of 2nd period - Stopped by Jake Allen with a rebound.
17:46 of 2nd period - Shot by Patrick Kane.
17:46 of 2nd period - Stopped by Jake Allen with a rebound.
17:48 of 2nd period - Shot by Gabriel Landeskog.
17:48 of 2nd period - Stopped by Jake Allen without a rebound.
17:49 of 2nd period - Teddy Blueger wins face-off versus Blake Wheeler in BlueJackets zone.
17:49 of 2nd period - Teddy Blueger is hit by Ryan Hartman.
18:03 of 2nd period - Shot by Garnet Hathaway.
18:03 of 2nd period - Stopped by Ilya Sorokin without a rebound.
18:04 of 2nd period - Scott Laughton wins face-off versus Brayden Point in Flyers zone.
18:54 of 2nd period - Icing by Travis Sanheim.
18:55 of 2nd period - Scott Laughton wins face-off versus Vincent Trocheck in Flyers zone.
19:03 of 2nd period - Icing by Travis Sanheim.
19:04 of 2nd period - Teddy Blueger wins face-off versus Scott Laughton in Flyers zone.
19:09 of 2nd period - Shot by Zach Hyman.
19:09 of 2nd period - Stopped by Ilya Sorokin without a rebound.
19:10 of 2nd period - Vincent Trocheck wins face-off versus Blake Wheeler in Flyers zone.
19:23 of 2nd period - Shot by Artemi Panarin.
19:23 of 2nd period - Shot Blocked by Ryan Graves.
19:46 of 2nd period - Off-side.
19:47 of 2nd period - Brayden Point wins face-off versus Boone Jenner in neutral zone.
Goals for this period are 1 for Flyers vs 0 for BlueJackets.
Shots for this period are 10 for Flyers vs 14 for BlueJackets.

3rd period


0:01 of 3rd period - Teddy Blueger wins face-off versus Boone Jenner in neutral zone.
0:01 of 3rd period - Teddy Blueger is hit by Gabriel Landeskog.
0:33 of 3rd period - Shot by Garnet Hathaway.
0:33 of 3rd period - Stopped by Ilya Sorokin without a rebound.
0:34 of 3rd period - Brayden Point wins face-off versus William Karlsson in Flyers zone.
0:37 of 3rd period - Shot by Vladimir Tarasenko.
0:37 of 3rd period - Stopped by Ilya Sorokin without a rebound.
0:38 of 3rd period - Brayden Point wins face-off versus William Karlsson in Flyers zone.
0:39 of 3rd period - Shot by Vladimir Tarasenko.
0:39 of 3rd period - Shot Misses the Net.
0:52 of 3rd period - Icing by Chris Tanev.
0:53 of 3rd period - Brayden Point wins face-off versus Blake Wheeler in BlueJackets zone.
1:11 of 3rd period - Shot by Ryan Hartman.
1:11 of 3rd period - Shot Misses the Net.
1:13 of 3rd period - Shot by Travis Sanheim.
1:13 of 3rd period - Deflect By Ryan Hartman.
1:13 of 3rd period - Shot Misses the Net.
1:25 of 3rd period - Shot by Blake Wheeler.
1:25 of 3rd period - Stopped by Jake Allen without a rebound.
1:26 of 3rd period - Vincent Trocheck wins face-off versus William Karlsson in BlueJackets zone.
1:35 of 3rd period - Shot by Alex Killorn.
1:35 of 3rd period - Stopped by Jake Allen with a rebound.
1:46 of 3rd period - Shot by Vincent Trocheck.
1:46 of 3rd period - Shot Misses the Net.
1:48 of 3rd period - Shot by Zach Hyman.
1:48 of 3rd period - Stopped by Ilya Sorokin with a rebound.
1:50 of 3rd period - Shot by Zach Hyman.
1:50 of 3rd period - Shot Misses the Net.
1:52 of 3rd period - Shot by Zach Hyman.
1:52 of 3rd period - Shot Misses the Net.
1:54 of 3rd period - Shot by Mattias Ekholm.
1:54 of 3rd period - Shot Hit the Post.
1:56 of 3rd period - Shot by Torey Krug.
1:56 of 3rd period - Stopped by Ilya Sorokin with a rebound.
2:15 of 3rd period - Icing by Moritz Seider.
2:16 of 3rd period - Ryan Getzlaf wins face-off versus William Karlsson in Flyers zone.
3:00 of 3rd period - Icing by Markus Phillips.
3:01 of 3rd period - Brayden Point wins face-off versus William Karlsson in Flyers zone.
3:19 of 3rd period - Icing by Chris Tanev.
3:20 of 3rd period - Brayden Point wins face-off versus Boone Jenner in BlueJackets zone.
3:20 of 3rd period - Brayden Point is hit by Gabriel Landeskog.
3:23 of 3rd period - Icing by Vladimir Tarasenko.
3:24 of 3rd period - Boone Jenner wins face-off versus Brayden Point in BlueJackets zone.
3:25 of 3rd period - Shot by Gabriel Landeskog.
3:25 of 3rd period - Shot Hit the Post.
3:27 of 3rd period - Shot by Gabriel Landeskog.
3:27 of 3rd period - Shot Misses the Net.
3:36 of 3rd period - Off-side.
3:37 of 3rd period - Scott Laughton wins face-off versus Teddy Blueger in neutral zone.
3:48 of 3rd period - Shot by Brandon Tanev.
3:48 of 3rd period - Shot Misses the Net.
4:00 of 3rd period - Shot by Brandon Tanev.
4:00 of 3rd period - Shot Misses the Net.
4:02 of 3rd period - Shot by Scott Laughton.
4:02 of 3rd period - Shot Misses the Net.
4:04 of 3rd period - Shot by Paul Stastny.
4:04 of 3rd period - Deflect By Brandon Tanev.
4:04 of 3rd period - Shot Misses the Net.
4:06 of 3rd period - Shot by Paul Stastny.
4:06 of 3rd period - Shot Misses the Net.
4:59 of 3rd period - Off-side.
5:00 of 3rd period - Ryan Getzlaf wins face-off versus Blake Wheeler in neutral zone.
5:21 of 3rd period - Shot by Conor Sheary.
5:21 of 3rd period - Deflect By Michael Bunting.
5:21 of 3rd period - Stopped by Ilya Sorokin without a rebound.
5:22 of 3rd period - Alex Killorn wins face-off versus Brayden Point in Flyers zone.
6:11 of 3rd period - Icing by William Karlsson.
6:12 of 3rd period - Brock Boeser wins face-off versus William Karlsson in Flyers zone.
6:42 of 3rd period - Minor Penalty to Robert Hagg for Cross-checking.
6:43 of 3rd period - Brayden Point wins face-off versus Gabriel Landeskog in Flyers zone.
6:51 of 3rd period - Vladimir Tarasenko is hit by Markus Phillips and loses puck.
7:00 of 3rd period - Shot by Jared Spurgeon.
7:00 of 3rd period - Shot Misses the Net.
7:02 of 3rd period - Shot by Jared Spurgeon.
7:02 of 3rd period - Stopped by Ilya Sorokin without a rebound.
7:03 of 3rd period - Gabriel Landeskog wins face-off versus Zach Hyman in Flyers zone.
7:20 of 3rd period - Shot by Zach Hyman.
7:20 of 3rd period - Shot Misses the Net.
7:22 of 3rd period - Shot by Zach Hyman.
7:22 of 3rd period - Shot Misses the Net.
7:24 of 3rd period - Shot by Jared Spurgeon.
7:24 of 3rd period - Shot Misses the Net.
7:28 of 3rd period - Shot by Torey Krug.
7:28 of 3rd period - Stopped by Ilya Sorokin without a rebound.
7:29 of 3rd period - Gabriel Landeskog wins face-off versus Brayden Point in Flyers zone.
8:26 of 3rd period - Shot by Zach Hyman.
8:26 of 3rd period - Deflect By Brock Boeser.
8:26 of 3rd period - Goal by Brock Boeser - Flyers : 1 - BlueJackets : 1.
8:27 of 3rd period - Ryan Getzlaf wins face-off versus Scott Laughton in neutral zone.
8:45 of 3rd period - Shot by Ryan Getzlaf.
8:45 of 3rd period - Shot Misses the Net.
8:53 of 3rd period - Shot by Michael Bunting.
8:53 of 3rd period - Stopped by Ilya Sorokin without a rebound.
8:54 of 3rd period - Vincent Trocheck wins face-off versus Blake Wheeler in Flyers zone.
9:03 of 3rd period - Shot by Brock Boeser.
9:03 of 3rd period - Shot Misses the Net.
9:39 of 3rd period - Off-side.
9:40 of 3rd period - Boone Jenner wins face-off versus Brayden Point in neutral zone.
9:46 of 3rd period - Icing by Mattias Ekholm.
9:47 of 3rd period - Boone Jenner wins face-off versus Brayden Point in BlueJackets zone.
10:18 of 3rd period - Off-side.
10:19 of 3rd period - Teddy Blueger wins face-off versus Brandon Tanev in neutral zone.
10:19 of 3rd period - Darnell Nurse is hit by Brandon Tanev.
10:23 of 3rd period - Shot by Teddy Blueger.
10:23 of 3rd period - Shot Misses the Net.
10:27 of 3rd period - Shot by Zach Hyman.
10:27 of 3rd period - Shot Misses the Net.
10:29 of 3rd period - Shot by Zach Hyman.
10:29 of 3rd period - Stopped by Ilya Sorokin without a rebound.
10:30 of 3rd period - Ryan Getzlaf wins face-off versus Blake Wheeler in Flyers zone.
10:32 of 3rd period - Conor Sheary is hit by Radko Gudas and loses puck.
11:33 of 3rd period - Shot by Brandon Tanev.
11:33 of 3rd period - Shot Misses the Net.
11:35 of 3rd period - Shot by Brandon Tanev.
11:35 of 3rd period - Stopped by Jake Allen with a rebound.
11:37 of 3rd period - Shot by Robert Hagg.
11:37 of 3rd period - Shot Blocked by Chris Tanev.
11:39 of 3rd period - Shot by Brandon Tanev.
11:39 of 3rd period - Shot Misses the Net.
11:43 of 3rd period - Shot by Scott Laughton.
11:43 of 3rd period - Shot Misses the Net.
11:45 of 3rd period - Shot by Scott Laughton.
11:45 of 3rd period - Stopped by Jake Allen without a rebound.
11:46 of 3rd period - Boone Jenner wins face-off versus Brock Boeser in BlueJackets zone.
12:05 of 3rd period - Icing by Moritz Seider.
12:06 of 3rd period - Boone Jenner wins face-off versus Brayden Point in Flyers zone.
12:13 of 3rd period - Jonas Brodin is hit by Gabriel Landeskog and loses puck.
12:22 of 3rd period - Shot by Jonas Brodin.
12:22 of 3rd period - Shot Misses the Net.
13:17 of 3rd period - Icing by Zach Werenski.
13:18 of 3rd period - Scott Laughton wins face-off versus Vincent Trocheck in Flyers zone.
13:43 of 3rd period - Shot by Vincent Trocheck.
13:43 of 3rd period - Shot Blocked by Zach Werenski.
13:48 of 3rd period - Zach Werenski is hit by Torey Krug and loses puck.
13:59 of 3rd period - Shot by Blake Wheeler.
13:59 of 3rd period - Shot Misses the Net.
14:09 of 3rd period - Shot by Artemi Panarin.
14:09 of 3rd period - Goal by Artemi Panarin - Flyers : 2 - BlueJackets : 1.
14:10 of 3rd period - Ryan Getzlaf wins face-off versus Patrick Kane in neutral zone.
14:15 of 3rd period - Shot by Conor Sheary.
14:15 of 3rd period - Shot Misses the Net.
14:17 of 3rd period - Shot by Chris Tanev.
14:17 of 3rd period - Stopped by Ilya Sorokin without a rebound.
14:18 of 3rd period - Blake Wheeler wins face-off versus Brayden Point in Flyers zone.
14:29 of 3rd period - Shot by Blake Wheeler.
14:29 of 3rd period - Shot Misses the Net.
14:31 of 3rd period - Shot by Ryan Hartman.
14:31 of 3rd period - Stopped by Jake Allen without a rebound.
14:32 of 3rd period - William Karlsson wins face-off versus Conor Sheary in BlueJackets zone.
15:40 of 3rd period - Shot by Artemi Panarin.
15:40 of 3rd period - Goal by Artemi Panarin - Flyers : 3 - BlueJackets : 1.
15:41 of 3rd period - Boone Jenner wins face-off versus Brayden Point in neutral zone.
15:46 of 3rd period - Shot by Boone Jenner.
15:46 of 3rd period - Shot Blocked by Adrian Kempe.
16:05 of 3rd period - Patrick Kane is hit by Darnell Nurse and loses puck.
16:13 of 3rd period - Vladimir Tarasenko is hit by Markus Phillips and loses puck.
16:25 of 3rd period - Icing by Patrick Kane.
16:26 of 3rd period - Boone Jenner wins face-off versus Vincent Trocheck in Flyers zone.
17:09 of 3rd period - Shot by Artemi Panarin.
17:09 of 3rd period - Goal by Artemi Panarin - Flyers : 4 - BlueJackets : 1.
17:10 of 3rd period - Scott Laughton wins face-off versus Ryan Getzlaf in neutral zone.
17:29 of 3rd period - Shot by Scott Laughton.
17:29 of 3rd period - Shot Misses the Net.
17:33 of 3rd period - Shot by Scott Laughton.
17:33 of 3rd period - Stopped by Jake Allen with a rebound.
17:35 of 3rd period - Shot by Brandon Tanev.
17:35 of 3rd period - Shot Misses the Net.
17:37 of 3rd period - Shot by Radko Gudas.
17:37 of 3rd period - Stopped by Jake Allen without a rebound.
17:38 of 3rd period - William Karlsson wins face-off versus Brayden Point in BlueJackets zone.
17:57 of 3rd period - Icing by Jonas Brodin.
17:58 of 3rd period - Boone Jenner wins face-off versus Brayden Point in BlueJackets zone.
18:16 of 3rd period - Icing by Markus Phillips.
18:17 of 3rd period - Boone Jenner wins face-off versus Teddy Blueger in Flyers zone.
Goals for this period are 3 for Flyers vs 1 for BlueJackets.
Shots for this period are 10 for Flyers vs 11 for BlueJackets.